Map: Orbital Shipyard

Players

Bop - Winner!

  • Race: Terran Terran

Aurelius

  • Race: Protoss Protoss

VOD

Have the link to the VOD?

Description

Time

  • Played on: May 2, 2015, 8:48 p.m.
  • Length: 11:36
Show
View Real Time Build Order
Export as new Build Order

Bop Terran - Winner!

Build Orders: MMM Bio 

Get SALT Encoding   

  12  0:01  SCV  
  13  0:13  SCV  
  14  0:18  Supply Depot  
  14  0:25  SCV  
  15  0:36  Refinery  
  15  0:41  Barracks  
  15  0:47  SCV  
  16  0:59  SCV  
  17  1:09  Barracks  
  17  1:11  SCV  
  18  1:17  Supply Depot  
  18  1:23  SCV  
  19  1:28  Reaper  
  20  1:35  Orbital Command  
  20  1:54  Barracks  
  20  1:58  Reaper  
  20  2:00  Reaper  
  22  2:05  SCV  
  23  2:11  Refinery  
  23  2:18  SCV  
  23  2:21  Barracks  
  24  2:24  Supply Depot  
  24  2:30  Reaper  
  25  2:39  Reaper  
  26  2:48  SCV  
  27  3:05  Reaper  
  27  3:06  Reaper  
  27  3:10  Barracks  
  29  3:14  SCV  
  29  3:15  Reaper  
  30  3:28  SCV  
  30  3:41  SCV  
  31  3:48  Command Center, Reaper x3  
  33  3:53  SCV  
  34  3:57  Reaper  
  35  4:05  SCV  
  34  4:18  SCV  
  34  4:20  Reaper x2  
  35  4:28  Reaper  
  35  4:31  SCV  
  37  4:35  Reaper  
  38  4:38  Command Center  
  38  4:43  SCV  
  39  4:46  Supply Depot  
  39  4:57  Barracks Reactor  
  39  4:59  SCV, Reaper  
  38  5:08  Barracks Tech Lab  
  38  5:11  SCV  
  39  5:15  Barracks Reactor  
  39  5:20  Orbital Command  
  39  5:26  SCV  
  39  5:27  Bunker  
  40  5:32  Marauder  
  40  5:34  Barracks Tech Lab, Marine x2  
  44  5:37  Stimpack  
  44  5:38  SCV  
  44  5:42  Barracks Tech Lab  
  45  5:48  SCV  
  46  5:50  SCV  
  46  5:51  Marine  
  46  5:52  Marine x2  
  46  5:54  Marauder  
  46  5:56  Marauder  
  54  5:59  Marine  
  54  6:00  SCV  
  54  6:04  Marauder  
  57  6:09  Marine  
  57  6:10  SCV, Marine  
  60  6:15  Marauder  
  60  6:18  Marauder  
  64  6:19  Marine  
  64  6:20  Marine  
  64  6:25  Marauder  
  68  6:26  Orbital Command  
  68  6:28  Supply Depot  
  67  6:33  Marine x2  
  67  6:36  Refinery, Marauder  
  67  6:38  Combat Shields  
  67  6:39  Marauder  
  73  6:44  Refinery  
  70  6:51  Marauder, Marine x2  
  71  6:58  Marauder  
  71  7:02  Marauder, Marine  
  71  7:04  SCV  
  71  7:05  SCV x2  
  76  7:09  Supply Depot  
  76  7:12  Engineering Bay  
  76  7:13  Marauder  
  78  7:16  SCV  
  78  7:19  SCV x2  
  78  7:20  Supply Depot  
  78  7:21  Factory  
  81  7:23  Marauder  
  81  7:25  Marine x2  
  82  7:30  Marauder, Marine  
  84  7:37  Concussive Shells  
  76  7:46  Marine x2  
  76  7:47  Marauder x2, Marine, Orbital Command  
  77  7:54  Terran Infantry Weapons Level 1  
  77  7:56  Marauder, Marine  
  78  8:04  Marine x2  
  80  8:08  Armory, Marauder  
  80  8:09  Starport, Engineering Bay  
  80  8:11  Factory Reactor  
  82  8:17  SCV  
  82  8:18  SCV x2  
  85  8:22  Marauder  
  85  8:24  Marauder  
  89  8:29  SCV  
  89  8:30  Marine x4  
  96  8:41  Marauder  
  96  8:43  Marine  
  96  8:45  Supply Depot  
  96  8:46  Supply Depot  
  98  8:50  SCV x3  
  98  8:54  Factory Reactor  
  101  8:58  Marine  
  101  9:06  Marine  
  101  9:07  SCV, Supply Depot, Medivac x2  
  101  9:08  Supply Depot, Marauder, Marine x2  
  101  9:09  Marauder x2  
  115  9:16  Supply Depot  
  115  9:19  Terran Infantry Armor Level 1  
  115  9:21  Terran Vehicle And Ship Armor Level 1  
  115  9:24  Marine x2  
  115  9:29  Marauder  
  115  9:30  Marauder  
  121  9:33  Marauder, Marine x2  
  121  9:36  Medivac, Widow Mine x2  
  121  9:37  SCV  
  132  9:40  Supply Depot  
  132  9:42  Marine x2  
  132  9:43  Supply Depot  
  134  9:51  Marauder  
  136  9:55  Marauder x2  
  130  10:03  Marine x3  
  124  10:12  Marauder  
  124  10:16  Command Center, Marauder x2, Widow Mine x2  
  132  10:22  Marine  
  132  10:23  Marine  
  132  10:31  Marine x2  
  132  10:33  Marauder  
  126  10:37  Marauder  
  126  10:38  Marauder  
  126  10:39  Medivac x2  
  133  10:44  Widow Mine x2  
  136  10:52  Marine  
  136  10:53  Marine x3  
  136  10:55  Marauder  
  125  10:59  Marauder x2  
  128  11:10  Marine x2  
  126  11:18  Barracks  
  126  11:21  Barracks  
Show
View Real Time Build Order
Export as new Build Order

Aurelius Protoss 

Build Orders: Nexus First 

Get SALT Encoding   

  12  0:01  Probe  
  13  0:18  Pylon  
  13  0:23  Probe  
  14  0:36  Probe (Chrono Boost)  
  15  0:47  Probe (Chrono Boost)  
  16  0:54  Probe (Chrono Boost)  
  17  1:02  Nexus  
  17  1:05  Probe (Chrono Boost)  
  18  1:15  Probe (Chrono Boost)  
  19  1:19  Gateway  
  19  1:22  Probe  
  20  1:33  Pylon  
  20  1:34  Probe (Chrono Boost)  
  21  1:40  Assimilator  
  21  1:45  Probe (Chrono Boost)  
  21  1:46  Assimilator  
  22  2:07  Cybernetics Core, Probe (Chrono Boost)  
  22  2:19  Probe (Chrono Boost)  
  22  2:21  Probe (Chrono Boost)  
  24  2:27  Gateway, Probe (Chrono Boost)  
  24  2:29  Probe (Chrono Boost)  
  26  2:30  Gateway  
  26  2:32  Pylon  
  25  2:45  Mothership Core (Chrono Boost)  
  27  2:57  Probe (Chrono Boost)  
  26  2:58  Adept (Chrono Boost)  
  26  2:59  Probe (Chrono Boost)  
  25  3:11  Warp Gate (Chrono Boost)  
  22  3:36  Stalker x2  
  22  3:37  Probe (Chrono Boost)  
  22  3:38  Probe (Chrono Boost)  
  25  3:49  Probe (Chrono Boost)  
  25  3:50  Probe (Chrono Boost)  
  26  3:57  Probe x2 (Chrono Boost)  
  28  4:07  Probe (Chrono Boost)  
  29  4:16  Probe (Chrono Boost)  
  27  4:19  Probe (Chrono Boost)  
  28  4:26  Probe (Chrono Boost)  
  28  4:28  Probe (Chrono Boost)  
  30  4:33  Probe (Chrono Boost)  
  30  4:36  Probe (Chrono Boost)  
  32  4:43  Probe (Chrono Boost)  
  32  4:44  Probe (Chrono Boost)  
  34  4:50  Probe  
  33  5:08  Probe x2  
  35  5:19  Robotics Facility  
  36  5:22  Probe (Chrono Boost)  
  36  5:25  Probe (Chrono Boost)  
  36  5:26  Stalker x2  
  36  5:27  Stalker  
  44  5:36  Probe (Chrono Boost)  
  44  5:40  Probe (Chrono Boost)  
  47  5:50  Probe x2 (Chrono Boost)  
  47  5:51  Pylon  
  47  5:52  Pylon  
  47  5:57  Probe  
  48  6:00  Forge  
  48  6:02  Twilight Council  
  48  6:05  Adept x2  
  48  6:10  Observer  
  53  6:11  Assimilator  
  53  6:12  Probe (Chrono Boost)  
  53  6:13  Probe (Chrono Boost)  
  53  6:17  Assimilator  
  55  6:22  Probe (Chrono Boost)  
  56  6:34  Stalker x3  
  56  6:38  Immortal (Chrono Boost)  
  66  6:41  Probe x2  
  66  6:53  Probe  
  65  7:04  Sentry  
  67  7:09  Pylon  
  67  7:19  Probe  
  68  7:27  Immortal, Gateway  
  72  7:38  Protoss Ground Weapons Level 1 (Chrono Boost)  
  55  7:52  Sentry  
  55  7:53  Sentry  
  55  7:57  Zealot  
  57  8:03  Probe  
  58  8:06  Immortal  
  62  8:22  Zealot x3  
  62  8:24  Charge (Chrono Boost)  
  62  8:25  Probe  
  69  8:30  Gateway  
  69  8:31  Gateway  
  69  8:34  Pylon  
  69  8:36  Pylon  
  69  8:43  Zealot x2  
  69  8:44  Robotics Bay, Zealot  
  69  8:45  Pylon  
  75  8:52  Stalker  
  77  8:57  Warp Prism (Chrono Boost)  
  79  9:09  Probe x2  
  79  9:21  Probe  
  79  9:23  Probe  
  81  9:35  Stalker  
  81  9:36  Stalker  
  81  9:37  Disruptor (Chrono Boost)  
  89  9:38  Zealot x2  
  89  9:39  Zealot x2  
  89  9:44  Probe x2  
  99  9:47  Disruptor  
  87  10:03  Sentry x2  
  77  10:10  Sentry  
  77  10:14  Disruptor  
  75  10:23  Sentry  
  75  10:24  Zealot  
  75  10:25  Zealot  
  85  10:33  Disruptor (Chrono Boost)  
  65  10:38  Disruptor  
  65  10:40  Zealot x3  
  67  10:54  Zealot x3  
  57  11:18  Probe  
Tags
 
Add a new tag
Caveats
  • Supply blocks, unpowered buildings, or Contaminate may cause inaccurate times.
  • Supply counts are checked every 10 seconds.